 Dungeon Crawl Stone Soup version 0.30-a0-743-gbfdf073431 (webtiles) character file.

Game seed: 15270982229556472208

63 MachoJfn the Grave Robber (level 3, -2/25 HPs)
             Began as a Demonspawn Necromancer on Feb 7, 2023.
             Slain by a bullfrog (8 damage)
             ... on level 4 of the Dungeon.
             The game lasted 00:08:25 (2371 turns).

MachoJfn the Grave Robber (Demonspawn Necromancer)  Turns: 2371, Time: 00:08:25

Health: -2/25      AC:  2    Str:  8    XL:     3   Next: 89%
Magic:  6/7        EV: 12    Int: 18    God:
Gold:   93         SH:  0    Dex: 13    Spells: 6/7 levels left

rFire   . . .      SeeInvis .    k - +0 short sword
rCold   . . .      Faith    .    (no shield)
rNeg    . . .      Spirit   .    a - +0 robe
rPois   .          Reflect  .    (no helmet)
rElec   .          Harm     .    (no cloak)
rCorr   .          Rampage  .    (no gloves)
Will    .....                    (no boots)
Stlth   ++                       (no amulet)
HPRegen 0.24/turn                (no ring)
MPRegen 0.10/turn                (no ring)

@: no status effects
A: foul stench 1, powered by pain 1
a: no special abilities


You were on level 4 of the Dungeon.
You visited 1 branch of the dungeon, and saw 4 of its levels.

You collected 93 gold pieces.

Inventory:

Hand Weapons
 k - a +0 short sword (weapon)
Armour
 a - a +0 robe (worn)
Jewellery
 l - an amulet of regeneration
Scrolls
 c - a scroll of fog
 d - a scroll of summoning
 f - 2 scrolls of identify
 i - 2 scrolls of magic mapping
 n - 2 scrolls of teleportation
 o - a scroll of blinking {unknown}
 p - a scroll of noise {unknown}
Potions
 b - a potion of magic
 e - 2 potions of haste {unknown}
 g - 2 potions of curing
 h - a potion of experience {unknown}
 j - a potion of heal wounds {unknown}
 m - a potion of brilliance {unknown}


   Skills:
 + Level 0.9 Fighting
 + Level 1.7 Dodging
 + Level 2.0 Stealth
 + Level 0.1 Unarmed Combat
 + Level 2.7 Spellcasting
 + Level 5.3 Necromancy


You had 6 spell levels left.
You knew the following spells:

 Your Spells              Type           Power      Damage    Failure   Level
a - Necrotise             Necr           84%        1d8       1%          1

Your spell library contained the following spells:

 Spells                   Type           Power      Damage    Failure   Level
 Vampiric Draining        Necr           21%        2d7       6%          3
 Shock                    Conj/Air       8%         1d3       17%         1
 Sting                    Tmut/Pois      8%         1d3       17%         1
 Animate Dead             Necr           21%        N/A       19%         4
 Swiftness                Air            2%         N/A       45%         3
 Agony                    Necr           21%        N/A       47%         5
 Airstrike                Air            1%         2d(1-17)  86%         4


Dungeon Overview and Level Annotations

Branches:
Dungeon (4/15)
 Temple: D:4-7

Altars:
Fedhas
Hepliaklqana
Ru
Vehumet

Shops:
D:1 =


Innate Abilities, Weirdness & Mutations

You may rarely emit foul miasma when damaged in melee.
You sometimes gain a little power by taking damage.


Message History

The quokka writhes in agony.
Casting: Necrotise (safe; 1% risk of failure)
Confirm with . or Enter, or press ? or * to list all spells.
Aiming: Necrotise (safe; 1% risk of failure)
Press: ? - help, Shift-Dir - straight line, p - quokka The quokka writhes in agony!
You kill the quokka!
The dead are hopping!
You swap places.
You pick up a book of Air and begin reading...
You add the spells Shock, Swiftness and Airstrike to your library.
There is a stone staircase leading down here.
You climb downwards.
Your mindless puppet stays behind to rot.
Found a translucent ring mail.
There is a stone staircase leading up here.
Casting: Necrotise (safe; 1% risk of failure)
Confirm with . or Enter, or press ? or * to list all spells.
Aiming: Necrotise (safe; 1% risk of failure)
Press: ? - help, Shift-Dir - straight line, f - bullfrog
Aim: a bullfrog (asleep, chance to affect: 80%)
The bullfrog croaks.
The bullfrog writhes in agony!
The bullfrog hits you!
An endoplasm comes into view.
You hit the bullfrog.
The bullfrog is heavily wounded.
The bullfrog barely misses you. The bullfrog closely misses you.
You closely miss the bullfrog.
The bullfrog is heavily wounded.
The bullfrog hits you!
You hit the bullfrog.
The bullfrog is severely wounded.
The bullfrog hits you.
* * * LOW HITPOINT WARNING * * *
The bullfrog closely misses you.
You completely miss the bullfrog.
The bullfrog is severely wounded.
The bullfrog hits you!
You die...

.# .# # .#
# #. .#.#[
.#.# #..#
#..###.#.#
#<@F.J....
######.#.#


You could see a bullfrog and an endoplasm.

Vanquished Creatures
  2 adders (D:2)
  2 bats
  4 endoplasms
  3 giant cockroaches
  A goblin (D:2)
  8 hobgoblins
  A jackal (D:1)
  6 kobolds
  2 quokkas
  4 ball pythons
  3 frilled lizards
  3 rats
39 creatures vanquished.

Vanquished Creatures (collateral kills)
  A hobgoblin (D:1)
  A jackal (D:1)
  A rat (D:2)
3 creatures vanquished.

Grand Total: 42 creatures vanquished

Notes
Turn   | Place    | Note
-------+----------+-------------------------------------------
     0 | D:1      | MachoJfn the Demonspawn Necromancer began the quest for the
                  | Orb.
     0 | D:1      | Reached XP level 1. HP: 13/13 MP: 3/3
     9 | D:1      | Found Uwkeg's Jewellery Shoppe.
   395 | D:1      | Gained mutation: You may rarely emit foul miasma when
                  | damaged in melee. [demonic ancestry]
   395 | D:1      | Reached XP level 2. HP: 19/19 MP: 0/5
   545 | D:1      | Reached skill level 5 in Necromancy
  1158 | D:2      | Found a faded altar of an unknown god.
  1164 | D:2      | Got Plato's Spellbook of Degeneration
  1459 | D:2      | Gained mutation: You sometimes gain a little power by
                  | taking damage. [demonic ancestry]
  1459 | D:2      | Reached XP level 3. HP: 19/24 MP: 6/6
  2330 | D:4      | Noticed a killer bee
  2330 | D:4      | Noticed a killer bee
  2330 | D:4      | Noticed a killer bee
  2330 | D:4      | Found a hazy altar of Hepliaklqana.
  2330 | D:4      | Found a blossoming altar of Fedhas.
  2330 | D:4      | Found a radiant altar of Vehumet.
  2330 | D:4      | Found a sacrificial altar of Ru.
  2331 | D:4      | Noticed a killer bee
  2331 | D:4      | Noticed a killer bee
  2331 | D:4      | Noticed a killer bee
  2365 | D:4      | Noticed a bullfrog
  2371 | D:4      | Slain by a bullfrog

Illustrated notes

Levels and vault maps discovered:
D:1:      psy_arrival_whirlpool, layout_loops_cross, serial_shops, shop
D:2:      layout_loops_corners, shapermc_ecumenical_altar_rom_forum
D:3:      layout_basic, portal_sewer_entry_d, guppyfry_early_lair_pool,
          uniq_terence
D:4:      kennysheep_goblin_castle, layout_basic,
          chequers_temple_overflow_statue_of_worship,
          gammafunk_temple_overflow_pools

Skill      XL: |  1  2  3 |
---------------+----------+-----
Necromancy     | 5 |  5.3
Stealth        | 2 |  2.0
Fighting       | |  0.9
Dodging        | |  1.7
Unarmed Combat | |  0.1
Spellcasting   | |  2.7

Action                     || total
---------------------------++-------
  Melee: Unarmed           ||     3
         Dagger            ||     6
         Short sword       ||     6
   Cast: Necrotise         ||    68
    Use: Scroll            ||     4
         Potion            ||     1
 Armour: Robe              ||     2
  Dodge: Dodged            ||    13

Table legend: (Time is in decaauts)
 A = Elapsed time spent in this place.
 B = Non-inter-level travel time spent in this place.
 C = Inter-level travel time spent in this place.
 D = Time resting spent in this place.
 E = Time spent auto-exploring this place.
 F = Levels seen in this place.
 G = Mean time per level.
                   A        B        C        D        E       F      G
               +--------+--------+--------+--------+--------+-----+--------+
         Total |   2373 |   1958 |    415 |    100 |   1619 |   4 |  593.2 |
       Dungeon |   2373 |   1958 |    415 |    100 |   1619 |   4 |  593.2 |
               +--------+--------+--------+--------+--------+-----+--------+

Top non-repeatable levels by time:
     D:2: 1133 daAuts
     D:1: 1061 daAuts
     D:3: 169 daAuts
     D:4: 9 daAuts
